ITL
BLUEVILLE 83'S @ WABA DUCKS
09/09/2029
 
TOP OF THE 1ST
Blueville 83's batting - Pitching for Waba Ducks : RHP Li-cong Sima
Pitching: RHP Li-cong Sima
Batting: RHB Kuniaki Kawashima 0-0: Ball
1-0: Foul Ball, location: 2F
1-1: Called Strike
1-2: SINGLE (Groundball, 3D)
Batting: RHB José Estrada 0-0: Called Strike
0-1: Called Strike
0-2: Strikes out swinging
Batting: RHB Eric Johnson 0-0: Swinging Strike
0-1: Fly out, F9 (Flyball, 9)
Batting: LHB Brent Alonzo 0-0: Called Strike
0-1: Ball
1-1: SINGLE (Groundball, 4S) (infield hit)
Kuniaki Kawashima to second
Batting: RHB Matt Perkins 0-0: Called Strike
0-1: Ball
1-1: Called Strike
1-2: Reached on error, E3 (Groundball, 34)
Kuniaki Kawashima to third
Brent Alonzo to second
Batting: RHB Fernando Díaz 0-0: Called Strike
0-1: Ball
1-1: Foul Ball, location: 2F
1-2: Ball
2-2: SINGLE (Flyball, 9S)
Kuniaki Kawashima scores
Brent Alonzo to third
Matt Perkins to second
Runner from 3rd tries for Home, SAFE, no throw
Batting: SHB Joe Emery 0-0: Ball
1-0: Ball
Wild Pitch!
Matt Perkins to third
Fernando Díaz to second
2-0: Ball
3-0: Called Strike
3-1: SINGLE (Line Drive, 3S)
Matt Perkins scores
Fernando Díaz to third
Runner from 3rd tries for Home, SAFE, throw made home
Batting: RHB Daryl Floyd 0-0: Called Strike
Joe Emery steals 2nd base
0-1: Swinging Strike
0-2: Ball
1-2: Ball
2-2: Ball
3-2: Strikes out swinging
Top of the 1st over - 4 runs, 4 hits, 1 error, 1 left on base; Blueville 4 - Waba 0
BOTTOM OF THE 1ST
Waba Ducks batting - Pitching for Blueville 83's : LHP William Watson
Pitching: LHP William Watson
Batting: RHB Tomás Díaz 0-0: Called Strike
0-1: Ground out 6-3 (Groundball, 6)
Batting: RHB Jeremy Flemming 0-0: Ball
1-0: Swinging Strike
1-1: Ball
2-1: Ball
3-1: Base on Balls
Batting: SHB Ron Edwards 0-0: Ball
1-0: SINGLE (Flyball, 78M)
Jeremy Flemming to second
Batting: LHB Javier Orozco 0-0: Ball
1-0: Foul Ball, location: 2F
1-1: SINGLE (Line Drive, 89S)
Jeremy Flemming to third
Ron Edwards to second
Batting: RHB Don Keating 0-0: Ball
1-0: Ball
2-0: Ground out U3 (Groundball, 2R)
Jeremy Flemming scores
Ron Edwards to third
Javier Orozco to second
Batting: RHB Ángelo García 0-0: Ball
1-0: Called Strike
1-1: Reached on error, E3 (Groundball, 3)
Ron Edwards scores
Javier Orozco to third
Batting: RHB Félix Quintero 0-0: Ball
1-0: Called Strike
1-1: Swinging Strike
1-2: DOUBLE (Groundball, 3L)
Javier Orozco scores
Ángelo García to third
Batting: LHB Daniel Carter Balk!
Ángelo García scores
Félix Quintero to third
0-0: Ground out U3 (Groundball, 3)
Bottom of the 1st over - 4 runs, 3 hits, 1 error, 1 left on base; Blueville 4 - Waba 4
TOP OF THE 2ND
Blueville 83's batting - Pitching for Waba Ducks : RHP Li-cong Sima
Batting: LHB Lorenzo Quintanilla 0-0: Called Strike
0-1: Ball
1-1: Fly out, F9 (Flyball, 9S)
Batting: RHB Kuniaki Kawashima 0-0: Foul Ball, location: 2F
0-1: Foul Ball, location: 2F
0-2: Ball
1-2: Ball
2-2: Fly out, F8 (Flyball, 8LS)
Now in CF: Alex Aguilar
Batting: RHB José Estrada 0-0: Ball
1-0: SINGLE (Line Drive, 9S)
Batting: RHB Eric Johnson 0-0: Called Strike
0-1: Ball
1-1: Foul Ball, location: 2F
1-2: Strikes out swinging
Top of the 2nd over - 0 runs, 1 hit, 0 errors, 1 left on base; Blueville 4 - Waba 4
BOTTOM OF THE 2ND
Waba Ducks batting - Pitching for Blueville 83's : LHP William Watson
Batting: LHB José Rodríguez 0-0: Ball
1-0: Foul Ball, location: 2F
1-1: Foul Ball, location: 2F
1-2: Ground out 4-3 (Groundball, 4)
Batting: RHB Tomás Díaz 0-0: Ball
1-0: Foul Ball, location: 2F
1-1: Ball
2-1: Ground out 1-3 (Groundball, 13)
Batting: RHB Jeremy Flemming 0-0: Ball
1-0: Called Strike
1-1: Foul Ball, location: 2F
1-2: Ball
2-2: Ball
3-2: Strikes out swinging
Bottom of the 2nd over - 0 runs, 0 hits, 0 errors, 0 left on base; Blueville 4 - Waba 4
TOP OF THE 3RD
Blueville 83's batting - Pitching for Waba Ducks : RHP Li-cong Sima
Batting: LHB Brent Alonzo 0-0: Called Strike
0-1: Swinging Strike
0-2: SINGLE (Flyball, 7LS)
Batting: RHB Matt Perkins 0-0: Ball
1-0: Ball
2-0: Foul Ball, location: 2F
2-1: Grounds into double play, 1-6-3 (Groundball, P)
Batting: RHB Fernando Díaz 0-0: Ball
1-0: SINGLE (Line Drive, 56D)
Batting: SHB Joe Emery 0-0: Ball
1-0: Foul Ball, location: 2F
1-1: Ball
2-1: Called Strike
2-2: Ball
3-2: Foul Ball, location: 2F
3-2: Strikes out swinging
Top of the 3rd over - 0 runs, 2 hits, 0 errors, 1 left on base; Blueville 4 - Waba 4
BOTTOM OF THE 3RD
Waba Ducks batting - Pitching for Blueville 83's : LHP William Watson
Batting: SHB Ron Edwards 0-0: Ball
1-0: Swinging Strike
1-1: Ground out 5-3 (Groundball, 5)
Batting: SHB Alex Aguilar 0-0: Called Strike
0-1: Ground out 5-3 (Groundball, 56)
Batting: RHB Don Keating 0-0: Called Strike
0-1: Ball
1-1: Ball
2-1: Foul Ball, location: 2F
2-2: Ball
3-2: Base on Balls
Batting: RHB Ángelo García 0-0: Ball
1-0: Called Strike
1-1: Ball
2-1: Ball
3-1: Called Strike
3-2: Strikes out swinging
Bottom of the 3rd over - 0 runs, 0 hits, 0 errors, 1 left on base; Blueville 4 - Waba 4
TOP OF THE 4TH
Blueville 83's batting - Pitching for Waba Ducks : RHP Li-cong Sima
Batting: RHB Daryl Floyd 0-0: Ball
1-0: Called Strike
1-1: Ball
2-1: Foul Ball, location: 2F
2-2: Foul Ball, location: 2F
2-2: Strikes out looking
Batting: LHB Lorenzo Quintanilla 0-0: Swinging Strike
0-1: Swinging Strike
0-2: Foul Ball, location: 2F
0-2: Ball
1-2: Ball
2-2: Foul Ball, location: 2F
2-2: Fly out, F9 (Flyball, 89S)
Batting: RHB Kuniaki Kawashima 0-0: Ball
1-0: Swinging Strike
1-1: Ball
2-1: Ground out 6-3 (Groundball, 6)
Top of the 4th over - 0 runs, 0 hits, 0 errors, 0 left on base; Blueville 4 - Waba 4
BOTTOM OF THE 4TH
Waba Ducks batting - Pitching for Blueville 83's : LHP William Watson
Batting: RHB Félix Quintero 0-0: Called Strike
0-1: Ball
1-1: Called Strike
1-2: Ball
2-2: Ball
3-2: Base on Balls
Batting: LHB Daniel Carter 0-0: Called Strike
0-1: Ball
1-1: Swinging Strike
1-2: Ball
2-2: Ball
3-2: SINGLE (Line Drive, 8LS)
Félix Quintero to second
Batting: LHB José Rodríguez 0-0: Called Strike
0-1: Ball
1-1: Called Strike
1-2: Strikes out swinging
Batting: RHB Tomás Díaz 0-0: Ball
1-0: Called Strike
1-1: Ball
2-1: Ball
3-1: Grounds into double play, U5-3 (Groundball, 5L)
Bottom of the 4th over - 0 runs, 1 hit, 0 errors, 1 left on base; Blueville 4 - Waba 4
TOP OF THE 5TH
Blueville 83's batting - Pitching for Waba Ducks : RHP Li-cong Sima
Batting: RHB José Estrada 0-0: Called Strike
0-1: Foul Ball, location: 2F
0-2: Ball
1-2: Strikes out looking
Batting: RHB Eric Johnson 0-0: Called Strike
0-1: Called Strike
0-2: Strikes out swinging
Batting: LHB Brent Alonzo 0-0: Ball
1-0: Ball
2-0: Ball
3-0: Called Strike
3-1: Foul Ball, location: 2F
3-2: SINGLE (Flyball, 8LS)
Pitching: RHP António Mata
Batting: RHB Matt Perkins 0-0: Ball
1-0: Ball
2-0: Ball
3-0: Called Strike
3-1: Called Strike
3-2: Base on Balls
Brent Alonzo to second
Batting: RHB Fernando Díaz 0-0: Ball
1-0: Foul Ball, location: 2F
1-1: Foul Ball, location: 2F
1-2: Ball
2-2: Ball
3-2: Strikes out swinging
Top of the 5th over - 0 runs, 1 hit, 0 errors, 2 left on base; Blueville 4 - Waba 4
BOTTOM OF THE 5TH
Waba Ducks batting - Pitching for Blueville 83's : LHP William Watson
Batting: RHB Jeremy Flemming 0-0: Ball
1-0: Ball
2-0: Swinging Strike
2-1: Swinging Strike
2-2: Fly out, F9 (Flyball, 9)
Batting: SHB Ron Edwards 0-0: Fly out, F8 (Line Drive, 8LD)
Batting: SHB Alex Aguilar 0-0: Foul Ball, location: 2F
0-1: Swinging Strike
0-2: Strikes out looking
Bottom of the 5th over - 0 runs, 0 hits, 0 errors, 0 left on base; Blueville 4 - Waba 4
TOP OF THE 6TH
Blueville 83's batting - Pitching for Waba Ducks : RHP António Mata
Batting: SHB Joe Emery 0-0: Ball
1-0: Called Strike
1-1: Foul Ball, location: 2F
1-2: Ball
2-2: Foul Ball, location: 2F
2-2: SINGLE (Line Drive, 56D)
Batting: RHB Daryl Floyd 0-0: Ball
1-0: Ball
2-0: Ball
3-0: Foul Ball, location: 2F
3-1: Base on Balls
Joe Emery to second
Batting: LHB Lorenzo Quintanilla 0-0: Ball
1-0: Called Strike
1-1: Foul Ball, location: 2F
1-2: Foul Ball, location: 2F
1-2: Foul Ball, location: 2F
1-2: Foul Ball, location: 2F
1-2: Strikes out swinging
Batting: RHB Kuniaki Kawashima 0-0: Called Strike
0-1: Ball
1-1: Ball
2-1: Ball
3-1: Swinging Strike
3-2: Base on Balls
Joe Emery to third
Daryl Floyd to second
Batting: RHB José Estrada 0-0: Ball
1-0: Foul Ball, location: 2F
1-1: Ball
2-1: Fly out, F2 (Popup, 2RF)
Batting: RHB Eric Johnson 0-0: Ball
1-0: Called Strike
1-1: Called Strike
1-2: Foul Ball, location: 2F
1-2: Ball
2-2: Ball
3-2: Ground out 4-3 (Groundball, 4M)
Top of the 6th over - 0 runs, 1 hit, 0 errors, 3 left on base; Blueville 4 - Waba 4
BOTTOM OF THE 6TH
Waba Ducks batting - Pitching for Blueville 83's : LHP William Watson
Batting: RHB Don Keating 0-0: Foul Ball, location: 2F
0-1: Ball
1-1: Foul Ball, location: 2F
1-2: Strikes out swinging
Batting: RHB Ángelo García 0-0: Ball
1-0: Swinging Strike
1-1: Ball
2-1: SINGLE (Groundball, 4MD)
Batting: RHB Félix Quintero 0-0: Ball
1-0: Called Strike
1-1: Foul Ball, location: 2F
1-2: Grounds into double play, 4-6-3 (Groundball, 4)
Bottom of the 6th over - 0 runs, 1 hit, 0 errors, 0 left on base; Blueville 4 - Waba 4
TOP OF THE 7TH
Blueville 83's batting - Pitching for Waba Ducks : RHP António Mata
Batting: LHB Brent Alonzo 0-0: Ball
1-0: Foul Ball, location: 2F
1-1: Ball
2-1: Ball
3-1: Foul Ball, location: 2F
3-2: Base on Balls
Pinch Hitting: LHB Jacob Wright 0-0: Foul Ball, location: 2F
0-1: Foul Ball, location: 2F
0-2: Ball
1-2: Foul Ball, location: 2F
1-2: Ball
2-2: SINGLE (Groundball, 34D)
Brent Alonzo to second
Runner from 2nd tries for 3rd, SAFE, no throw
Batting: RHB Fernando Díaz 0-0: Called Strike
0-1: Fly out, F9 (Flyball, 9LD)
Runner from 3rd tags up, SCORES, throw made
Pitching: RHP Bartolo Romo
Batting: SHB Joe Emery 0-0: Fielders Choice at 2nd, 4-6 (Groundball, 4)
Batting: RHB Daryl Floyd 0-0: SINGLE (Line Drive, 89M)
Joe Emery to second
Runner from 2nd tries for 3rd, SAFE, no throw
Batting: LHB Lorenzo Quintanilla 0-0: Ball
1-0: Called Strike
1-1: Foul Ball, location: 2F
1-2: Fly out, F7 (Flyball, 7)
Top of the 7th over - 1 run, 2 hits, 0 errors, 2 left on base; Blueville 5 - Waba 4
BOTTOM OF THE 7TH
Waba Ducks batting - Pitching for Blueville 83's : LHP William Watson
Pitching: LHP León Hernández
Now at 3B: Felipe Cruz
Batting: LHB Daniel Carter 0-0: Ball
1-0: Ball
2-0: Foul Ball, location: 2F
2-1: Called Strike
2-2: Ground out 4-3 (Groundball, 4)
Batting: LHB José Rodríguez 0-0: Ball
1-0: Called Strike
1-1: Ball
2-1: Ball
3-1: Foul Ball, location: 2F
3-2: Ground out 2-3 (Groundball, 2R)
Batting: RHB Tomás Díaz 0-0: Called Strike
0-1: Called Strike
0-2: SINGLE (Line Drive, 89S)
Batting: RHB Jeremy Flemming 0-0: Ball
Tomás Díaz is caught stealing 2nd base
Bottom of the 7th over - 0 runs, 1 hit, 0 errors, 0 left on base; Blueville 5 - Waba 4
TOP OF THE 8TH
Blueville 83's batting - Pitching for Waba Ducks : RHP Bartolo Romo
Batting: RHB Kuniaki Kawashima 0-0: Ball
1-0: Called Strike
1-1: Ball
2-1: SINGLE (Line Drive, 6M)
Batting: RHB José Estrada 0-0: Sac Bunt - play at first, batter OUT! 3-4
Kuniaki Kawashima to second
Batting: RHB Eric Johnson 0-0: Foul Ball, location: 2F
0-1: DOUBLE (Line Drive, 9LM)
Kuniaki Kawashima scores
Batting: LHB Brent Alonzo 0-0: Intentional Walk
Batting: LHB Felipe Cruz 0-0: Fielders Choice at 2nd, 6-4 (Groundball, 6M)
Eric Johnson to third
Batting: RHB Fernando Díaz 0-0: Swinging Strike
0-1: Foul Ball, location: 2F
0-2: Ball
1-2: Ball
2-2: Strikes out looking
Top of the 8th over - 1 run, 2 hits, 0 errors, 2 left on base; Blueville 6 - Waba 4
BOTTOM OF THE 8TH
Waba Ducks batting - Pitching for Blueville 83's : LHP León Hernández
Batting: RHB Jeremy Flemming 0-0: Foul Ball, location: 2F
0-1: Called Strike
0-2: Strikes out swinging
Batting: SHB Ron Edwards 0-0: Ball
1-0: Called Strike
1-1: Swinging Strike
1-2: Ball
2-2: Foul Ball, location: 2F
2-2: Foul Ball, location: 2F
2-2: SINGLE (Line Drive, 6D)
Batting: SHB Alex Aguilar 0-0: Called Strike
0-1: Called Strike
0-2: Strikes out swinging
Batting: RHB Don Keating 0-0: Ball
1-0: Ball
2-0: Called Strike
2-1: Called Strike
2-2: Fielders Choice at 2nd, 6-4 (Groundball, 6)
Bottom of the 8th over - 0 runs, 1 hit, 0 errors, 1 left on base; Blueville 6 - Waba 4
TOP OF THE 9TH
Blueville 83's batting - Pitching for Waba Ducks : RHP Bartolo Romo
Batting: SHB Joe Emery 0-0: Ball
1-0: Foul Ball, location: 2F
1-1: Called Strike
1-2: Foul Ball, location: 2F
1-2: Strikes out looking
Batting: RHB Daryl Floyd 0-0: Ball
1-0: Called Strike
1-1: Ball
2-1: Ball
3-1: Ground out 5-3 (Groundball, 56S)
Batting: LHB Lorenzo Quintanilla 0-0: Called Strike
0-1: Ball
1-1: Foul Ball, location: 2F
1-2: Fly out, F7 (Flyball, 7D)
Top of the 9th over - 0 runs, 0 hits, 0 errors, 0 left on base; Blueville 6 - Waba 4
BOTTOM OF THE 9TH
Waba Ducks batting - Pitching for Blueville 83's : LHP León Hernández
Batting: RHB Ángelo García 0-0: SINGLE (Groundball, 6MD)
Batting: RHB Félix Quintero 0-0: Ball
1-0: SINGLE (Flyball, 9LM)
Ángelo García to second
Batting: LHB Daniel Carter 0-0: Fly out, F7 (Line Drive, 7)
Batting: LHB José Rodríguez 0-0: Ball
1-0: Ground out 4-3 (Groundball, 4S)
Ángelo García to third
Félix Quintero to second
Batting: RHB Tomás Díaz 0-0: Ball
1-0: Ball
2-0: Ball
3-0: Called Strike
3-1: Foul Ball, location: 2F
3-2: Foul Ball, location: 2F
3-2: SINGLE (Line Drive, 56)
Ángelo García scores
Félix Quintero to third
Félix Quintero scores
Pitching: RHP Jorge Oliva
Batting: RHB Jeremy Flemming 0-0: Ball
1-0: Called Strike
1-1: Foul Ball, location: 2F
1-2: Ball
Tomás Díaz steals 2nd base
2-2: Ground out 3-1 (Groundball, 34S)
Bottom of the 9th over - 2 runs, 3 hits, 0 errors, 1 left on base; Blueville 6 - Waba 6
TOP OF THE 10TH
Blueville 83's batting - Pitching for Waba Ducks : RHP Bartolo Romo
Pitching: RHP Ángel Lara
Pinch Hitting: RHB Alberto Campos 0-0: Ball
1-0: Ball
2-0: Single, Error in OF, E8, batter to second base
Batting: RHB José Estrada 0-0: Called Strike
0-1: Ball
1-1: Ground out 2-3 (Groundball, 15S)
Alberto Campos to third
Batting: RHB Eric Johnson 0-0: Called Strike
0-1: Foul Ball, location: 2F
0-2: SINGLE (Groundball, 34)
Alberto Campos scores
Batting: LHB Brent Alonzo 0-0: Ball
1-0: Ball
2-0: Called Strike
2-1: Swinging Strike
2-2: Ball
3-2: Fielders Choice at 2nd, 4-6 (Groundball, 4)
Batting: LHB Felipe Cruz 0-0: Ball
Brent Alonzo steals 2nd base
1-0: Ground out 4-3 (Groundball, 4)
Top of the 10th over - 1 run, 2 hits, 1 error, 1 left on base; Blueville 7 - Waba 6
BOTTOM OF THE 10TH
Waba Ducks batting - Pitching for Blueville 83's : RHP Jorge Oliva
Now at SS: Carlos Carrillo
Batting: SHB Ron Edwards 0-0: Fly out, F9 (Flyball, 9)
Batting: SHB Alex Aguilar 0-0: Ball
1-0: Called Strike
1-1: Foul Ball, location: 2F
1-2: Strikes out swinging
Batting: RHB Don Keating 0-0: Ball
1-0: Called Strike
1-1: SINGLE (Groundball, 34D)
Pinch Hitting: LHB Fernando Cruz 0-0: Called Strike
0-1: Ball
1-1: Foul Ball, location: 2F
1-2: SINGLE (Groundball, 4MD)
Don Keating to second
Runner from 2nd tries for 3rd, SAFE, no throw
Batting: RHB Félix Quintero 0-0: Called Strike
0-1: Foul Ball, location: 2F
0-2: Foul Ball, location: 2F
0-2: Strikes out looking
Bottom of the 10th over - 0 runs, 2 hits, 0 errors, 2 left on base; Blueville 7 - Waba 6
Saturday, December 16th, 2017 - OOTP Baseball 18.8 Build 76